 Dungeon Crawl Stone Soup version 0.25-a0-55-g0753fd1ad2 (webtiles) character file.

Game seed: 1116983250087238380, levelgen mode: deterministic

236 Arixos the Skirmisher (level 6, 0/49 HPs)
             Began as a Vine Stalker Monk on Oct 25, 2019.
             Succumbed to a worker ant's poison
             ... on level 4 of the Dungeon.
             The game lasted 00:09:35 (3169 turns).

Arixos the Skirmisher (Vine Stalker Monk)           Turns: 3169, Time: 00:09:35

Health: 0/49       AC: 23    Str: 16    XL:     6   Next: 6%
Magic:  7/7        EV:  2    Int: 15    God:
Gold:   176        SH:  0    Dex: 20    Spells: 5/5 levels left

rFire    + + .     SeeInvis .   a - +0 falchion
rCold    + . .     Gourm    .   (no shield)
rNeg     + + +     Faith    .   (armour currently unavailable)
rPois    +         Spirit   +   (helmet currently unavailable)
rElec    +         Reflect  .   (cloak currently unavailable)
rCorr    +         Harm     .   (gloves currently unavailable)
MR       .....     NoTele   +   (boots currently unavailable)
Stlth    +.........             (no amulet)
HPRegen  0.56/turn              b - ring of protection from fire
MPRegen  0.10/turn              u - +4 ring of dexterity

@: confused, brilliant, lethally poisoned (0 -> -2), tree-form, resistant
A: regeneration 1, magic shield, no potion heal 3, rot immunity
a: no special abilities


You were on level 4 of the Dungeon.
You were hungry.
You were a tree.
You visited 1 branch of the dungeon, and saw 4 of its levels.

You collected 176 gold pieces.

Inventory:

Hand Weapons
 a - a +0 falchion (weapon)
Missiles
 n - an atropa-tipped dart (quivered)
 r - 29 poisoned darts
Armour
 s - a +0 leather armour (melded)
Jewellery
 b - a ring of protection from fire (left branch)
 u - a +4 ring of dexterity (right branch)
Scrolls
 d - 8 scrolls of remove curse {unknown}
 e - a scroll of fog {unknown}
 g - 3 scrolls of teleportation {unknown}
 h - 4 scrolls of noise {unknown}
 i - 5 scrolls of identify {unknown}
 j - a scroll of enchant weapon {unknown}
 k - 2 scrolls of blinking {unknown}
 m - a scroll of immolation {unknown}
Potions
 f - a potion of flight
 l - a potion of invisibility {unknown}
 o - a potion of ambrosia
 p - a potion of lignification
 q - a potion of resistance
 v - a potion of brilliance
Comestibles
 c - 4 rations


   Skills:
 + Level 3.8 Fighting
 + Level 3.7 Long Blades
 + Level 2.1 Armour
 + Level 3.3 Dodging
 - Level 2.4 Stealth


You had 5 spell levels left.
You didn't know any spells.
Your spell library was empty.

Dungeon Overview and Level Annotations

Branches:
Dungeon (4/15)
 Temple: D:4-7

Altars:


Innate Abilities, Weirdness & Mutations

((You have extremely sharp teeth.))
Your natural rate of healing is unusually fast.
When hurt, damage is shared between your health and your magic reserves.
((Your bite disrupts and absorbs the magic of your enemies.))
Potions cannot restore your health.
You are immune to rotting.


Message History

* * * LOW HITPOINT WARNING * * *
You feel sick.
Okay, then.
You're too confused!
* * * LOW HITPOINT WARNING * * *
You feel sick.
You cannot move. (Use ctrl+direction or * direction to attack without moving.)
You are too injured to fight recklessly!
You cannot move. (Use ctrl+direction or * direction to attack without moving.)
You cannot move. (Use ctrl+direction or * direction to attack without moving.)
You cannot move. (Use ctrl+direction or * direction to attack without moving.) Unknown command.
You cannot move. (Use ctrl+direction or * direction to attack without moving.) Unknown command.
You miss the adder.
You are feeling hungry.
* * * LOW HITPOINT WARNING * * *
You feel sick. The adder bites you but does no damage. The adder bites you.
You swing at nothing.
You die...

#........%.# ....
#. #.....##...#
..##. .
#....##...##..
.....
..##..............
.....
..................
.###
..................
#.
.......(#######...
#. +####..S# ..>
##. #..♣# .. +..
#.....# #..
#.....# ##<
#...(## ## ######


You could see an adder.

Vanquished Creatures
  An orc priest (D:3)
  A worker ant (D:4)
  3 gnolls (D:3)
  7 adders
  A worm (D:2)
  2 dart slugs (D:1)
  A leopard gecko (D:3)
  12 orcs
  2 ball pythons (D:1)
  2 giant cockroaches
  9 goblins
  5 hobgoblins
  4 jackals (D:2)
  7 kobolds
  8 bats
  3 frilled lizards
  9 rats
77 creatures vanquished.

Notes
Turn   | Place    | Note
-------+----------+-------------------------------------------
     0 | D:1      | Arixos the Vine Stalker Monk began the quest for the Orb.
     0 | D:1      | Reached XP level 1. HP: 11/11 MP: 2/2
   152 | D:1      | Reached XP level 2. HP: 16/16 MP: 3/3
   483 | D:2      | Reached XP level 3. HP: 19/20 MP: 4/4
   493 | D:2      | Reached skill level 1 in Armour
   784 | D:2      | HP: 1/20 [orc/+0 mace (2)]
  1325 | D:2      | Gained mutation: Your natural rate of healing is unusually
                  | fast. [Vine Stalker growth]
  1325 | D:2      | Reached XP level 4. HP: 9/24 MP: 2/5
  2299 | D:3      | Reached XP level 5. HP: 27/28 MP: 6/6
  3161 | D:4      | Reached XP level 6. HP: 5/33 MP: 2/7
  3164 | D:4      | HP: 2/49 [poisoned by a worker ant]
  3169 | D:4      | Succumbed to a worker ant's poison

Levels and vault maps discovered:
D:1:      dpeg_arrival_stonehenge_8_columns, layout_rooms, serial_glass,
          glass_columns_b, glass_columns_c, glass_columns_a, glass_columns_a,
          glass_columns_b, glass_columns_b, glass_columns_a, glass_columns_b,
          glass_columns_c, glass_columns_a, minmay_pentomino_s2
D:2:      layout_basic, minmay_split_cup_small
D:3:      layout_loops_ring, serial_aquarium, aquarium_bridge_square
          [aquarium_subvault_wall, aquarium_subvault_wall,
          aquarium_subvault_bridge, aquarium_subvault_balcony],
          aquarium_bridge_square [aquarium_subvault_bridge,
          aquarium_subvault_bridge, aquarium_subvault_wall,
          aquarium_subvault_wall], aquarium_window_double, aquarium_window_fake,
          aquarium_view_2e, aquarium_view_2e
D:4:      layout_gridville, gammafunk_temple_overflow_arena,
          minmay_temple_entry_grid

Table legend:
 A = Non-vault XP
 B = Vault XP
 C = Vault XP percentage of total XP
 D = Non-vault monster count
 E = Vault monster count
 F = Vault count percentage of total count
                 A         B        C        D         E       F
            +---------+---------+-------+---------+---------+-------
      Total |     332 |       6 |   1.8 |      73 |       4 |   5.2
            +---------+---------+-------+---------+---------+-------
        D:1 |      27 |       2 |   6.9 |      14 |       1 |   6.7
        D:2 |     121 |       4 |   3.2 |      34 |       3 |   8.1
        D:3 |     150 |       0 |   0.0 |      24 |       0 |   0.0
        D:4 |      34 |       0 |   0.0 |       1 |       0 |   0.0
            +---------+---------+-------+---------+---------+-------
